 Dungeon Crawl Stone Soup version 0.24.1-14-gf8d2b509d9 (console) character file.

Game seed: 8762678628196046280, levelgen mode: deterministic

8702 Kagalorn the Fighter (level 11, -2/89 HPs)
             Began as a Gnoll Wanderer on Mar 16, 2021.
             Was a Follower of Ashenzari.
             Slain by a komodo dragon (22 damage)
             ... on level 10 of the Dungeon.
             The game lasted 00:32:36 (14517 turns).

Kagalorn the Fighter (Gnoll Wanderer)              Turns: 14517, Time: 00:32:37

Health: -2/89      AC: 11    Str: 11    XL:     11   Next: 35%
Magic:  20/20      EV: 11    Int: 16    God:    Ashenzari [*.....]
Gold:   646        SH: 10    Dex: 20    Spells: 22/22 levels left

rFire    + . .     SeeInvis .   s - +3 morningstar
rCold    . . .     Gourm    .   y - +0 shield (curse)
rNeg     . . .     Faith    .   t - +1 scale mail {rF+}
rPois    .         Spirit   .   q - +0 helmet
rElec    .         Reflect  .   (no cloak)
rCorr    .         Harm     .   (no gloves)
MR       .....                  o - +0 pair of boots (curse)
Stlth    ++........             (no amulet)
HPRegen  0.24/turn              e - ring of flight
MPRegen  0.17/turn              (no ring)

@: no status effects
A: distributed training, fangs 1, strong nose
a: Curse Item, Scrying, Renounce Religion, Evoke Flight


You were on level 10 of the Dungeon.
You worshipped Ashenzari.
Ashenzari was aware of your devotion.
You were hungry.

You visited 2 branches of the dungeon, and saw 11 of its levels.
You also visited: Sewer and Bailey.

You collected 688 gold pieces.
You spent 42 gold pieces at shops.

Inventory:

Hand Weapons
 a - a +0 war axe of flaming
 p - a +0 spear
 s - a +3 morningstar (weapon)
 w - a +2 hand axe of chopping
 C - a +0 long sword of holy wrath
 G - a +2 trident of piercing
 J - a +0 broad axe
Missiles
 j - 272 stones (quivered)
 l - 79 boomerangs
 x - 53 sling bullets
 A - 61 bolts
Armour
 g - a +2 ring mail of positive energy
 o - a cursed +0 pair of boots (worn)
 q - a +0 helmet (worn)
 t - a +1 scale mail of fire resistance (worn)
 y - a cursed +0 shield (worn)
 D - +0 ice dragon scales
 K - +0 fire dragon scales
Jewellery
 e - a ring of flight (left hand)
 v - an uncursed ring of fire
Wands
 E - a wand of flame (29)
 M - a wand of random effects (13)
 O - a wand of digging (12)
Scrolls
 d - a scroll of teleportation
 h - 5 scrolls of remove curse
 m - a scroll of blinking
 H - 2 scrolls of amnesia
 I - a scroll of summoning
 N - a scroll of enchant armour
Potions
 b - a potion of berserk rage
 c - 5 potions of heal wounds
 i - 9 potions of curing
 k - 4 potions of might
 n - 2 potions of mutation
 r - a potion of lignification
 z - a potion of brilliance
 B - a potion of cancellation
 F - 2 potions of magic
 P - a potion of agility
Comestibles
 f - 6 rations


   Skills:
 + Level 9.0 Fighting
 + Level 6.1 Short Blades
 + Level 6.1 Long Blades
 + Level 6.1 Axes
 + Level 6.1 Maces & Flails
 + Level 7.7 Polearms
 + Level 6.1 Staves
 + Level 6.1 Slings
 + Level 6.1 Bows
 + Level 6.1 Crossbows
 + Level 6.7 Throwing
 + Level 6.1 Armour
 + Level 7.7 Dodging
 + Level 6.6 Stealth
 + Level 6.1 Shields
 + Level 6.7 Unarmed Combat
 + Level 6.1 Spellcasting
 + Level 5.0 Conjurations
 + Level 5.0 Hexes
 + Level 5.0 Charms
 + Level 5.0 Summonings
 + Level 5.0 Necromancy
 + Level 5.0 Translocations
 + Level 5.0 Transmutations
 + Level 5.0 Fire Magic
 + Level 5.0 Ice Magic
 + Level 5.0 Air Magic
 + Level 5.0 Earth Magic
 + Level 5.0 Poison Magic
 + Level 6.7 Invocations
 + Level 6.1 Evocations


You had 22 spell levels left.
You didn't know any spells.
Your spell library contained the following spells:

 Spells                   Type           Power        Failure   Level  Hunger
 Beastly Appendage        Tmut           ###...       26%         1    None
 Confusing Touch          Hex            ###...       26%         1    None
 Flame Tongue             Conj/Fire      ###..        26%         1    None
 Sticks to Snakes         Tmut           ###.....     36%         2    #......
 Throw Flame              Conj/Fire      ###...       36%         2    #......
 Confuse                  Hex            ###.....     61%         3    ##.....
 Conjure Flame            Conj/Fire      ###.....     61%         3    ##.....
 Gell's Gravitas          Tloc           ###.......   61%         3    ##.....
 Inner Flame              Hex/Fire       ###.....     61%         3    ##.....
 Spider Form              Tmut/Pois      ###.......   61%         3    ##.....
 Ice Form                 Ice/Tmut       ###.....     95%         4    ####...
 Petrify                  Tmut/Erth      ###.....     95%         4    ####...
 Sticky Flame             Conj/Fire      ###.....     95%         4    ####...
 Blade Hands              Tmut           ###.......   100%        5    ######.
 Fireball                 Conj/Fire      ###.......   100%        5    ######.
 Metabolic Englaciation   Hex/Ice        ###.......   100%        5    ######.
 Yara's Violent Unravell  Hex/Tmut       ###.......   100%        5    ######.


Dungeon Overview and Level Annotations

Branches:
Dungeon (10/15)            Temple (1/1) D:4            Lair (0/6) D:8
  Sewer (visited)          Bailey (visited)
    Orc: D:9-12

Altars:
Ashenzari
Cheibriados
Dithmenos
Elyvilon
Fedhas
Gozag
Hepliaklqana
Kikubaaqudgha
Makhleb
Nemelex Xobeh
Okawaru
Qazlal
Ru
Sif Muna
Trog
Uskayaw
Vehumet
Wu Jian
Xom
Yredelemnul
Zin
The Shining One

Shops:
D:3 *   D:5 *

Annotations:
D:8 3 runed translucent doors, Tensor's ghost, journeyman GrMo


Innate Abilities, Weirdness & Mutations

Your experience applies equally to all skills.
You have very sharp teeth.
Your uncanny sense of smell can sniff out nearby items.


Message History

You hit the komodo dragon but do no damage.
The komodo dragon is moderately wounded.
The komodo dragon bites you!
You are too injured to fight recklessly!
You are too injured to fight recklessly!
You are too injured to fight recklessly!
You barely miss the komodo dragon. Your bite misses the komodo dragon.
The komodo dragon is moderately wounded.
The komodo dragon bites you! You block the komodo dragon's attack.
You hit the komodo dragon.
The komodo dragon is moderately wounded.
The komodo dragon bites you!!
* * * LOW HITPOINT WARNING * * *
You closely miss the komodo dragon.
The komodo dragon is moderately wounded.
The komodo dragon misses you.
You closely miss the komodo dragon.
The komodo dragon is moderately wounded.
The komodo dragon bites you!!
You die...

#. #.. #. #[. ####.. #††
......################..
........................
######.................
#.###############. #.#
#. #@# #. #l# #. #.# #.
..# #. ... ##.. #.. #..#


You could see a komodo dragon.

Vanquished Creatures
  An ice dragon (D:9)
  A glowing orange brain (D:9)
  A manticore (D:9)
  Psyche (D:9)
  Joseph (D:9)
  A troll (D:9)
  A spriggan (D:9)
  3 hungry ghosts
  Grum (D:7)
  A water moccasin (D:8)
  Duvessa (D:7)
  4 ice beasts
  4 orc warriors
  3 sky beasts
  A black bear (D:7)
  A phantom (D:6)
  4 ogres
  4 wolves
  8 centaurs
  2 bullfrogs (Sewer)
  2 gnoll sergeants
  Dowan (D:7)
  A wyvern skeleton (D:9)
  3 scorpions
  6 wights
  A centaur zombie (D:5)
  6 crimson imps
  2 bullfrog zombies (D:7)
  4 jellies
  A quasit (D:6)
  2 bullfrog skeletons
  8 orc wizards
  5 hounds
  10 orc priests
  4 iguanas
  8 worker ants
  3 hell rats (D:8)
  A hound zombie (D:5)
  22 gnolls
  13 adders
  4 river rats (D:8)
  7 oozes (Sewer)
  2 adder zombies
  3 adder skeletons
  5 worms
  13 leopard geckos
  33 orcs
  15 giant cockroaches
  9 goblins
  21 hobgoblins
  10 jackals
  6 quokkas
  13 ball pythons
  6 bats
  13 frilled lizards
  A jackal skeleton (D:6)
  13 kobolds
  A quokka zombie (D:7)
  20 rats
342 creatures vanquished.

Vanquished Creatures (others)
  A howler monkey zombie (D:8)
1 creature vanquished.

Grand Total: 343 creatures vanquished

Notes
Turn   | Place    | Note
-------+----------+-------------------------------------------
     0 | D:1      | Kagalorn the Gnoll Wanderer began the quest for the Orb.
     0 | D:1      | Kagalorn set off with the following items: a +0 spear, a
                  | potion of berserk rage, a potion of heal wounds, a scroll
                  | of teleportation, a +0 robe, a ration
     0 | D:1      | Reached XP level 1. HP: 23/23 MP: 1/1
    62 | D:1      | Reached XP level 2. HP: 24/29 MP: 2/2
   609 | D:2      | Reached XP level 3. HP: 31/35 MP: 3/3
   798 | D:2      | Reached skill level 1 in Invocations
   980 | D:2      | Reached skill level 1 in Short Blades
   980 | D:2      | Reached skill level 1 in Long Blades
   980 | D:2      | Reached skill level 1 in Axes
   980 | D:2      | Reached skill level 1 in Maces & Flails
   980 | D:2      | Reached skill level 1 in Staves
   980 | D:2      | Reached skill level 1 in Slings
   980 | D:2      | Reached skill level 1 in Bows
   980 | D:2      | Reached skill level 1 in Crossbows
   980 | D:2      | Reached skill level 1 in Armour
   980 | D:2      | Reached skill level 1 in Shields
   980 | D:2      | Reached skill level 1 in Spellcasting
   980 | D:2      | Reached skill level 1 in Evocations
  1066 | D:2      | Reached XP level 4. HP: 31/41 MP: 5/5
  1534 | D:3      | Found Gozag's Platinum Reserve.
  1547 | D:3      | Found an opulent altar of Gozag.
  1654 | D:3      | Reached skill level 1 in Conjurations
  1654 | D:3      | Reached skill level 1 in Hexes
  1654 | D:3      | Reached skill level 1 in Charms
  1654 | D:3      | Reached skill level 1 in Summonings
  1654 | D:3      | Reached skill level 1 in Necromancy
  1654 | D:3      | Reached skill level 1 in Translocations
  1654 | D:3      | Reached skill level 1 in Transmutations
  1654 | D:3      | Reached skill level 1 in Fire Magic
  1654 | D:3      | Reached skill level 1 in Ice Magic
  1654 | D:3      | Reached skill level 1 in Air Magic
  1654 | D:3      | Reached skill level 1 in Earth Magic
  1654 | D:3      | Reached skill level 1 in Poison Magic
  1819 | D:3      | Reached XP level 5. HP: 46/47 MP: 5/7
  2258 | D:3      | Found an iron altar of Okawaru.
  2258 | D:3      | Found a basalt altar of Yredelemnul.
  2260 | D:3      | Found a hide-covered altar of Uskayaw.
  2267 | D:3      | Found a sacrificial altar of Ru.
  2267 | D:3      | Found a shimmering blue altar of Sif Muna.
  2267 | D:3      | Found a shattered altar of Ashenzari.
  2268 | D:3      | Found a radiant altar of Vehumet.
  2272 | D:3      | Found a stormy altar of Qazlal.
  2275 | D:3      | Became a worshipper of Ashenzari the Shackled
  2543 | D:4      | Reached XP level 6. HP: 53/53 MP: 8/8
  2833 | D:4      | Reached skill level 5 in Polearms
  2833 | D:4      | Reached skill level 5 in Dodging
  3226 | D:4      | Found a staircase to the Ecumenical Temple.
  3235 | Temple   | Entered the Ecumenical Temple
  3691 | D:4      | Reached XP level 7. HP: 55/59 MP: 10/10
  4128 | D:5      | Entered Level 5 of the Dungeon
  4160 | D:5      | Reached skill level 7 in Fighting
  4970 | D:5      | Reached XP level 8. HP: 35/67 MP: 12/12
  5654 | D:5      | Found a burning altar of Makhleb.
  5655 | D:5      | Found a shimmering altar of Xom.
  5717 | D:5      | HP: 2/67 [gnoll sergeant/+2 trident of piercing (11)]
  6049 | D:5      | Found Ifamer's General Store.
  6052 | D:5      | Bought a scroll of remove curse for 42 gold pieces
  6984 | D:6      | Found a glowing drain.
  7000 | Sewer    | Entered a sewer
  7433 | D:6      | Reached XP level 9. HP: 53/72 MP: 14/14
  7668 | D:6      | Reached * piety under Ashenzari
  8439 | D:6      | Reached skill level 5 in Throwing
  8439 | D:6      | Reached skill level 5 in Unarmed Combat
  8479 | D:7      | Found a flagged portal.
  8547 | Bailey   | Entered a bailey
  8640 | Bailey   | Reached skill level 5 in Stealth
  8774 | Bailey   | Reached skill level 8 in Fighting
  8890 | D:7      | Identified a scroll of acquirement
  9020 | D:7      | Reached skill level 5 in Invocations
  9487 | D:7      | Reached XP level 10. HP: 69/80 MP: 17/17
  9496 | D:7      | Noticed Dowan
  9497 | D:7      | Noticed Duvessa
  9511 | D:7      | Killed Duvessa
  9519 | D:7      | Killed Dowan
 10129 | D:8      | Found a runed translucent gate.
 10130 | D:8      | Found a runed translucent gate.
 10130 | D:8      | Found a runed translucent gate.
 10130 | D:8      | Noticed Tensor's ghost (journeyman GrMo)
 10277 | D:8      | Noticed Grum
 10305 | D:8      | Reached skill level 5 in Short Blades
 10305 | D:8      | Reached skill level 5 in Long Blades
 10305 | D:8      | Reached skill level 5 in Axes
 10305 | D:8      | Reached skill level 5 in Maces & Flails
 10305 | D:8      | Reached skill level 5 in Staves
 10305 | D:8      | Reached skill level 5 in Slings
 10305 | D:8      | Reached skill level 5 in Bows
 10305 | D:8      | Reached skill level 5 in Crossbows
 10305 | D:8      | Reached skill level 5 in Armour
 10305 | D:8      | Reached skill level 5 in Shields
 10305 | D:8      | Reached skill level 5 in Spellcasting
 10305 | D:8      | Reached skill level 5 in Evocations
 10714 | D:7      | Killed Grum
 11325 | D:8      | Found a shattered altar of Ashenzari.
 11384 | D:8      | Found a staircase to the Lair.
 12645 | D:8      | Found the +2 ratskin cloak {+Rats rPois rN+ Str-1 Int-1
                  | Dex+1}
 12804 | D:9      | Noticed Joseph
 12821 | D:9      | Killed Joseph
 13108 | D:9      | Noticed Psyche
 13128 | D:9      | Killed Psyche
 13217 | D:9      | HP: 2/82 [centaur (4)]
 13457 | D:9      | Reached XP level 11. HP: 49/87 MP: 19/19
 13610 | D:9      | Found a glowing golden altar of the Shining One.
 13621 | D:9      | Noticed a glowing orange brain
 13624 | D:9      | Found a shadowy altar of Dithmenos.
 13624 | D:9      | Noticed an ice dragon
 13625 | D:9      | Found a basalt altar of Yredelemnul.
 13644 | D:9      | Killed a glowing orange brain
 13652 | D:9      | Killed an ice dragon
 13652 | D:9      | Reached skill level 9 in Fighting
 13801 | D:9      | Noticed a manticore
 14077 | D:9      | Killed a manticore
 14077 | D:9      | Reached skill level 5 in Conjurations
 14077 | D:9      | Reached skill level 5 in Hexes
 14077 | D:9      | Reached skill level 5 in Charms
 14077 | D:9      | Reached skill level 5 in Summonings
 14077 | D:9      | Reached skill level 5 in Necromancy
 14077 | D:9      | Reached skill level 5 in Translocations
 14077 | D:9      | Reached skill level 5 in Transmutations
 14077 | D:9      | Reached skill level 5 in Fire Magic
 14077 | D:9      | Reached skill level 5 in Ice Magic
 14077 | D:9      | Reached skill level 5 in Air Magic
 14077 | D:9      | Reached skill level 5 in Earth Magic
 14077 | D:9      | Reached skill level 5 in Poison Magic
 14467 | D:10     | Entered Level 10 of the Dungeon
 14517 | D:10     | Slain by a komodo dragon

Levels and vault maps discovered:
D:1:      evilmike_arrival_hilbert_curve, layout_basic
D:2:      layout_loops_ring, serial_bayou_pond_e, minmay_misc_feat_hallway,
          kennysheep_cross_room
D:3:      layout_rooms, minitemple, nicolae_gozag_zags_fifth_avenue
D:4:      cheibrodos_old_hovel, layout_loops_corners,
          minmay_temple_entry_drinking_statues, first_ration,
          corexii_corridor_pit
D:5:      layout_basic, grunt_temple_overflow_champion_of_chaos, serial_shops,
          kennysheep_mini, grunt_ministairs_11, grunt_tough_drop
D:6:      layout_basic, cheibrodos_sewer_entry_drain, kennysheep_generic_room_13
D:7:      layout_basic, enter_bailey_2, uniq_duvessa
D:8:      wander_guarded_unrand_ratskin, layout_loops_ring, lair_entry_dummy,
          basic_altar, gammafunk_ghost_split, uniq_grum
D:9:      layout_basic, kennysheep_mini_moat, the_bakery, jmf_multi_god_temple,
          uniq_joseph, uniq_psyche
D:10:     layout_long_grid, gammafunk_ghost_grave,
          chequers_serial_rivers_micro_b, grunt_ministairs_4, uniq_erica
Temple:   eino_wide_crystal_templ

Skill      XL: |  1  2  3  4  5  6  7  8  9 10 11 |
---------------+----------------------------------+-----
Invocations    | 1 2 3 4 5 6 |  6.7
Short Blades   | 1 2 3 4 5 6 |  6.1
Long Blades    | 1 2 3 4 5 6 |  6.1
Axes           | 1 2 3 4 5 6 |  6.1
Maces & Flails | 1 2 3 4 5 6 |  6.1
Staves         | 1 2 3 4 5 6 |  6.1
Slings         | 1 2 3 4 5 6 |  6.1
Bows           | 1 2 3 4 5 6 |  6.1
Crossbows      | 1 2 3 4 5 6 |  6.1
Armour         | 1 2 3 4 5 6 |  6.1
Shields        | 1 2 3 4 5 6 |  6.1
Spellcasting   | 1 2 3 4 5 6 |  6.1
Evocations     | 1 2 3 4 5 6 |  6.1
Conjurations   | 1 2 3 4 5 |  5.0
Hexes          | 1 2 3 4 5 |  5.0
Charms         | 1 2 3 4 5 |  5.0
Summonings     | 1 2 3 4 5 |  5.0
Necromancy     | 1 2 3 4 5 |  5.0
Translocations | 1 2 3 4 5 |  5.0
Transmutations | 1 2 3 4 5 |  5.0
Fire Magic     | 1 2 3 4 5 |  5.0
Ice Magic      | 1 2 3 4 5 |  5.0
Air Magic      | 1 2 3 4 5 |  5.0
Earth Magic    | 1 2 3 4 5 |  5.0
Poison Magic   | 1 2 3 4 5 |  5.0
Throwing       | 3 4 5 6 |  6.7
Unarmed Combat | 3 4 5 6 |  6.7
Stealth        | 3 4 5 6 |  6.6
Polearms       | 5 6 7 |  7.7
Dodging        | 5 6 7 |  7.7
Fighting       | 7 8 9 |  9.0

Action                   |  1- 3 |  4- 6 |  7- 9 | 10-12 || total
-------------------------+-------+-------+-------+-------++-------
Melee: Spear             |   140 |    12 |       |       ||   152
       Bite              |    13 |    25 |    73 |    54 ||   165
       Punch             |     1 |       |     7 |       ||     8
       Quarterstaff      |       |   229 |   217 |       ||   446
       Trident           |       |       |   356 |       ||   356
       Halberd           |       |       |    96 |    72 ||   168
       Morningstar       |       |       |       |   293 ||   293
       War axe           |       |       |       |   110 ||   110
Invok: Curse Item        |       |       |       |     2 ||     2
Evoke: Wand              |       |       |       |     9 ||     9
  Use: Scroll            |       |     1 |    11 |     9 ||    21
 Stab: Sleeping          |     3 |     6 |     9 |     7 ||    25
       Distracted        |       |     1 |     1 |       ||     2
       Invisible         |       |       |     2 |       ||     2
  Eat: Chunk             |       |     9 |     3 |    12 ||    24
       Ration            |       |       |     5 |     4 ||     9
Armor: Robe              |    20 |     1 |       |       ||    21
       Ring mail         |       |    26 |       |       ||    26
       Scale mail        |       |    47 |   255 |   154 ||   456
Dodge: Dodged            |    94 |   164 |   405 |   190 ||   853
Block: Shield            |       |       |       |   231 ||   231
